 Dungeon Crawl Stone Soup version 0.27.1 (webtiles) character file.

Game seed: 6214498855903431639

371 H0rd4k the Caller (level 6, 0/43 HPs)
             Began as a Barachi Summoner on Aug 30, 2021.
             Was an Initiate of Qazlal.
             Succumbed to a killer bee's poison
             ... on level 4 of the Dungeon.
             The game lasted 00:09:00 (6378 turns).

H0rd4k the Caller (Barachi Summoner)                Turns: 6378, Time: 00:09:01

Health: 0/43       AC:  4    Str: 10    XL:     6   Next: 70%
Magic:  6/13       EV: 12    Int: 17    God:    Qazlal [......]
Gold:   144        SH:  0    Dex: 12    Spells: 10/14 levels left

rFire    . . .     SeeInvis .   n - +1 dagger (venom)
rCold    + . .     Faith    +   (no shield)
rNeg     . . .     Spirit   .   c - +2 robe {rF+}
rPois    .         Reflect  .   (no helmet)
rElec    .         Harm     .   (no cloak)
rCorr    .         Rampage  .   (no gloves)
Will     .....                  (no boots)
Stlth    ++........             s - amulet of faith
HPRegen  0.14/turn              p - +4 ring of slaying
MPRegen  0.13/turn              t - ring of ice

@: mighty, lethally poisoned (0 -> -5), unable to hop, slow
A: amphibious, slowness 1, strong legs 1, +LOS
a: Hop, Renounce Religion


You were on level 4 of the Dungeon.
You worshipped Qazlal.
Qazlal was noncommittal.
You visited 2 branches of the dungeon, and saw 6 of its levels.

You collected 144 gold pieces.

Inventory:

Hand Weapons
 k - a +3 dagger
 n - a +1 dagger of venom (weapon)
 r - a +4 long sword
Missiles
 j - 2 boomerangs of dispersal
Armour
 a - a +0 robe
 c - a +2 robe of fire resistance (worn)
Jewellery
 m - a +6 ring of dexterity
 p - a +4 ring of slaying (left hand)
 s - an amulet of faith (around neck)
 t - a ring of ice (right hand)
Wands
 o - a wand of polymorph (9)
Scrolls
 b - a scroll of fear {unknown}
 e - 2 scrolls of silence {unknown}
 g - 4 scrolls of identify {unknown}
 l - a scroll of vulnerability {unknown}
 q - a scroll of enchant weapon {unknown}
 v - a scroll of enchant armour {unknown}
Potions
 d - 2 potions of might
 f - a potion of curing {unknown}
 h - a potion of invisibility {unknown}
 i - a potion of attraction {unknown}
 u - a potion of lignification {unknown}


   Skills:
 + Level 1.4 Fighting
 + Level 0.2 Short Blades
 + Level 2.5 Dodging
 - Level 1.7 Stealth
 * Level 4.8 Spellcasting
 * Level 7.3 Summonings


You had 10 spell levels left.
You knew the following spells:

 Your Spells              Type           Power      Damage    Failure   Level
a - Summon Small Mammal   Summ           100%       N/A       1%          1
b - Call Canine Familiar  Summ           29%        N/A       2%          3

Your spell library contained the following spells:

 Spells                   Type           Power      Damage    Failure   Level
 Call Imp                 Summ           29%        N/A       1%          2
 Summon Guardian Golem    Hex/Summ       16%        N/A       10%         3
 Animate Skeleton         Necr           8%         N/A       14%         1
 Pain                     Necr           16%        1d4       14%         1
 Summon Lightning Spire   Summ/Air       16%        N/A       32%         4
 Dazzling Flash           Conj/Hex       8%         N/A       41%         3
 Ozocubu's Armour         Ice            6%         N/A       41%         3
 Vampiric Draining        Necr           2%         2d6       41%         3
 Iskenderun's Mystic Bla  Conj/Tloc      4%         2d3       82%         4
 Starburst                Conj/Fire      2%         6d3       100%        6
 Ozocubu's Refrigeration  Ice            3%         4d5       100%        7
 Chain Lightning          Conj/Air       2%         3d2       100%        9
 Fire Storm               Conj/Fire      2%         8d1       100%        9


Dungeon Overview and Level Annotations

Branches:
Dungeon (5/15)             Temple (1/1) D:4

Altars:
Ashenzari
Cheibriados
Elyvilon
Fedhas
Gozag
Hepliaklqana
Kikubaaqudgha
Makhleb
Nemelex Xobeh
Okawaru
Qazlal
Ru
Sif Muna
Trog
Uskayaw
Vehumet
Wu Jian
Xom
Yredelemnul
Zin
The Shining One

Shops:
D:1 :

Annotations:
D:4 exclusions: 2 downstairs and water moccasin
D:5 Grinder


Innate Abilities, Weirdness & Mutations

You are amphibious.
You cover ground slowly.
You can hop short distances.
You have an extended range of vision and can be seen from far away.


Message History

The killer bee stings you but does no damage.
Your hound completely misses the killer bee.
Your quokka bites the killer bee.
Your quokka barely misses the killer bee.
The killer bee misses your hound.
The killer bee stings you but does no damage.
You climb upwards.
Your summoned ally is left behind.
Level annotation: exclusions: 2 downstairs and water moccasin You feel very sick.
There is a stone staircase leading down here.
Casting: Summon Small Mammal (safe; 1% risk of failure)
Confirm with . or Enter, or press ? or * to list all spells.
You feel sick.
The killer bee stings you but does no damage.
The killer bee stings you. x2
You are lethally poisoned!
The killer bee poisons you! The killer bee stings you.
* * * LOW HITPOINT WARNING * * *
Hop to where?
Press: ? - help, Dir - move target Boing!
* * * LOW HITPOINT WARNING * * *
You feel very sick.
* * * LOW HITPOINT WARNING * * *
You feel very sick.
* * * LOW HITPOINT WARNING * * *
You feel very sick.
Your hound closely misses the killer bee.
The killer bee barely misses your hound.
Your hound barely misses the killer bee.
The killer bee barely misses your hound.
* * * LOW HITPOINT WARNING * * *
You feel sick. The killer bee misses your hound.
Something closely misses your hound. The killer bee stings your hound!
Your hound is poisoned.
The killer bee poisons your hound!
There is a stone staircase leading up here.
It was a potion of might.
You feel very mighty all of a sudden.
You die...

.# #.......#.).... .#########
####.......#...... .........#
##..#####'###)..... #........#
#.................. #........#
#.................. #........#
#.................. #....)...#
#.................. #........#
#.....hy...........
#........#######@..###...##......
#........#....##..>###...##......
#........#............h.>........
#........#.......................
#........#.......................
#........#.......................
#........#....##...#####'##......
#........#....##...##....##(.....
#.......h#..........#....#.......


You could see a killer bee (ally target) and a friendly hound (summoned, very
poisoned).

Vanquished Creatures
  A centaur (D:5)
  A scorpion (D:4)
  A hound skeleton (D:5)
  An adder (D:2)
  A shadow imp (D:4)
  A dart slug (D:3)
  An orc (D:3)
  2 ball pythons
  A giant cockroach (D:3)
  2 goblins (D:2)
  2 hobgoblins
  2 kobolds (D:2)
  3 rats
19 creatures vanquished.

Vanquished Creatures (collateral kills)
  A sky beast (D:4)
  3 wights (D:4)
  A hound (D:3)
  7 gnolls
  2 adders
  A dart slug (D:2)
  6 orcs
  7 ball pythons
  5 bats
  12 endoplasms
  6 giant cockroaches
  8 goblins
  6 hobgoblins
  5 jackals
  2 quokkas
  2 frilled lizards
  7 kobolds
  3 rats
84 creatures vanquished.

Vanquished Creatures (others)
  An endoplasm (D:1)
  A giant cockroach (D:1)
  A fungus (D:2)
  27 plants
30 creatures vanquished.

Grand Total: 133 creatures vanquished

Notes
Turn   | Place    | Note
-------+----------+-------------------------------------------
     0 | D:1      | H0rd4k the Barachi Summoner began the quest for the Orb.
     0 | D:1      | Reached XP level 1. HP: 13/13 MP: 3/3
    59 | D:1      | Reached skill level 5 in Summonings
   462 | D:1      | Reached XP level 2. HP: 19/19 MP: 0/5
   696 | D:1      | Found Sot Qiru's Book Emporium.
  1811 | D:2      | Reached XP level 3. HP: 21/24 MP: 2/7
  1815 | D:2      | Learned a level 3 spell: Call Canine Familiar
  2731 | D:2      | Found a faded altar of an unknown god.
  3002 | D:3      | Reached XP level 4. HP: 27/30 MP: 9/9
  4285 | D:3      | Reached skill level 6 in Summonings
  4358 | D:3      | You fall into a shaft and drop 2 floors!
  4358 | D:5      | Entered Level 5 of the Dungeon
  4358 | D:5      | Noticed a centaur
  4365 | D:5      | Killed a centaur
  4366 | D:5      | Reached XP level 5. HP: 16/35 MP: 6/11
  4607 | D:5      | Noticed Grinder
  4643 | D:4      | Found a staircase to the Ecumenical Temple.
  4649 | Temple   | Entered the Ecumenical Temple
  4889 | Temple   | Became a worshipper of Qazlal Stormbringer
  4944 | D:4      | Reached skill level 1 in Fighting
  4955 | D:4      | Reached XP level 6. HP: 36/43 MP: 3/12
  5335 | D:4      | Reached skill level 7 in Summonings
  5603 | D:4      | Noticed a sky beast
  5627 | D:4      | Killed a sky beast
  5742 | D:4      | Noticed a water moccasin
  6357 | D:5      | Noticed an ice beast
  6377 | D:4      | HP: 1/43 [poisoned by a killer bee]
  6378 | D:4      | Succumbed to a killer bee's poison

Illustrated notes

Levels and vault maps discovered:
D:1:      evilmike_arrival_hilbert_curve, layout_rooms, serial_shops, shop,
          lemuel_flame_loot_1
D:2:      layout_loops_cross, dreamdust_ecumenical_altar_hidden_monk_grotto,
          st_stairs_13, kennysheep_generic_room_10
D:3:      layout_basic, grunt_ministairs_11, serial_bayou_lagoon_b
D:4:      layout_gridville, temple_pool_b
D:5:      layout_loops_ring, serial_shops, nicolae_shop_behind_doors,
          uniq_menkaure, uniq_grinder
Temple:   nicolae_temple_the_god_donut

Skill      XL: |  1  2  3  4  5  6 |
---------------+-------------------+-----
Summonings     | 5 6 7 |  7.3
Spellcasting   | 3 4 |  4.8
Fighting       | 1 |  1.4
Short Blades   | |  0.2
Dodging        | |  2.5
Stealth        | |  1.7

Action                   |  1- 3 |  4- 6 || total
-------------------------+-------+-------++-------
Melee: Unarmed           |    43 |       ||    43
       Dagger            |    39 |    46 ||    85
 Cast: Summon Small Mamm |    95 |    65 ||   160
       Call Canine Famil |     2 |    32 ||    34
 Abil: Hop               |       |     2 ||     2
  Use: Potion            |       |     1 ||     1
 Stab: Distracted        |     1 |     1 ||     2
       Sleeping          |     1 |       ||     1
Armor: Robe              |    29 |    25 ||    54
Dodge: Dodged            |    73 |    47 ||   120
